 Dungeon Crawl Stone Soup version 0.20.1-1-g8b1a95d (webtiles) character file.

41 Jukra the Digger (level 3, -1/19 HPs)
             Began as a Gargoyle Earth Elementalist on Sept 12, 2017.
             Slain by a gnoll
             ... wielding a +0 spear
              (6 damage)
             ... on level 2 of the Dungeon.
             The game lasted 00:06:01 (1179 turns).

Jukra the Digger (Gargoyle Earth Elementalist)      Turns: 1179, Time: 00:06:01

Health: -1/19      AC:  5    Str: 11    XL:     3   Next: 52%
Magic:  1/7        EV: 12    Int: 16    God:
Gold:   99         SH:  0    Dex: 10    Spells: 3/7 levels left

rFire    . . .     SeeInvis .   f - +1 short sword (venom)
rCold    . . .     Gourm    .   (no shield)
rNeg     + . .     Faith    .   q - +0 robe
rPois    ∞         Spirit   .   (no helmet)
rElec    +         Reflect  .   (no cloak)
rCorr    .         Harm     .   (no gloves)
MR       .....                  (no boots)
Stlth    ++........             (no amulet)
Regen    0.1/turn               (no ring)
MPRegen  0.1/turn               (no ring)

@: very slightly contaminated
A: negative energy resistance 1, electricity resistance, unbreathing,
petrification resistance, rot immunity, AC +3
a: no special abilities


You were on level 2 of the Dungeon.
You were not hungry.

You visited 1 branch of the dungeon, and saw 2 of its levels.

You collected 99 gold pieces.

Inventory:

Hand Weapons
 f - a +1 short sword of venom (weapon)
Missiles
 b - 8 stones (quivered)
Armour
 c - a +0 robe
 k - a +0 chain mail
 p - a +0 robe
 q - a +0 robe (worn)
Jewellery
 o - an uncursed ring of positive energy {unknown}
Scrolls
 m - a scroll of teleportation {unknown}
 n - a scroll of identify {unknown}
Potions
 a - a potion of degeneration {unknown}
 g - 2 potions of mutation {unknown}
 h - 2 potions of might {unknown}
 i - a potion of curing {unknown}
 l - a potion of invisibility {unknown}
Books
 e - a book of Geomancy

   Spells                             Type                      Level
   a - Sandblast                      Earth                        1
   b - Passwall                       Transmutation/Earth          2
   c - Stone Arrow                    Conjuration/Earth            3
   d - Petrify                        Transmutation/Earth          4
   e - Lee's Rapid Deconstruction     Earth                        5
Comestibles
 d - 2 bread rations
 j - a royal jelly
 r - a meat ration


   Skills:
 + Level 1.7 Dodging
 + Level 2.2 Stealth
 + Level 2.9 Spellcasting
 + Level 0.2 Conjurations
   Level 0.7 Transmutations
 + Level 4.3 Earth Magic


You had 3 spell levels left.
You knew the following spells:

 Your Spells              Type           Power        Failure   Level  Hunger
a - Sandblast             Erth           ###...       3%          1    #......
b - Stone Arrow           Conj/Erth      #.....       22%         3    ###....


Dungeon Overview and Level Annotations

Branches:
Dungeon (2/15)

Altars:


Innate Abilities, Weirdness & Mutations

You are resistant to torment.
Your stone body is resilient. (AC +3)
You are immune to poison.
You resist negative energy. (rN+)
You are resistant to electric shocks. (rElec)
You can survive without breathing.
You are immune to petrification.
You are immune to rotting.


Message History

You kill the gnoll!
You closely miss the gnoll. The gnoll hits you. The gnoll misses you.
You closely miss the gnoll. The gnoll hits you but does no damage.
The gnoll closely misses you.
You hit the gnoll.
The gnoll is poisoned.
The gnoll is moderately wounded.
The gnoll hits you but does no damage.
The gnoll hits you from afar with a spear!
* * * LOW HITPOINT WARNING * * *
The gnoll misses you.
You closely miss the gnoll.
The gnoll is moderately wounded.
The gnoll barely misses you. The gnoll misses you.
You barely miss the gnoll.
The gnoll is heavily wounded.
The gnoll closely misses you. The gnoll hits you but does no damage.
You hit the gnoll.
The gnoll looks as sick as possible!
The gnoll is severely wounded.
The gnoll hits you from afar with a spear.
You die...

.# #...... #
.#########...... #.
##.#.............. ..
...#.#.....#......
#.##..#.#....>#......
....#..............
.#.####.###############.
........................
.#.#.##@###############.
#g# #####(.#. #g#
#....)... ... #....).##
... #......# .....
#.(....# ..... #......#
.##.########......##
................


You could see 2 gnolls.

Vanquished Creatures
  A gnoll (D:2)
  A dart slug (D:1)
  A leopard gecko (D:2)
  5 goblins
  3 hobgoblins (D:1)
  4 kobolds (D:1)
  6 bats (D:1)
  2 frilled lizards
  6 rats
29 creatures vanquished.

Notes
Turn   | Place    | Note
-------+----------+-------------------------------------------
     0 | D:1      | Jukra the Gargoyle Earth Elementalist began the quest for the Orb.
     0 | D:1      | Reached XP level 1. HP: 10/10 MP: 3/3
   315 | D:1      | Reached skill level 4 in Earth Magic
   391 | D:1      | Reached XP level 2. HP: 15/15 MP: 3/5
  1050 | D:2      | Reached XP level 3. HP: 19/19 MP: 3/6
  1158 | D:2      | Learned a level 3 spell: Stone Arrow
  1179 | D:2      | Slain by a gnoll

Skill      XL: |  1 |
---------------+----+-----
Earth Magic    | 4 |  4.3
Dodging        | |  1.7
Stealth        | |  2.2
Spellcasting   | |  2.9
Conjurations   | |  0.2
Transmutations | |  0.7

Action                   || total
-------------------------++-------
Melee: Unarmed           ||     1
       Short sword       ||    14
 Cast: Sandblast         ||    35
       Stone Arrow       ||     1
  Eat: Chunk             ||     1
Armor: Robe              ||     5
Dodge: Dodged            ||    15
